 Dungeon Crawl Stone Soup version 0.18-a0-1788-g92de1ac (webtiles) character file.

44 Mefis the Magician (level 3, -1/24 HPs)
             Began as a Human Wizard on Apr 20, 2016.
             Slain by Robin
             ... wielding a +0 falchion
              (3 damage)
             ... on level 2 of the Dungeon.
             The game lasted 00:13:51 (1429 turns).

Mefis the Magician (Human Wizard)                   Turns: 1429, Time: 00:13:51

Health: -1/24      AC:  0    Str:  7    XL:     3   Next: 87%
Magic:  0/8        EV: 12    Int: 19    God:
Gold:   40         SH:  0    Dex: 11    Spells: 4 memorised, 2 levels left

rFire  . . .     SeeInvis .     u - +2 long sword (slice)
rCold  . . .     Gourm    .     (no armour)
rNeg   + . .     Faith    .     (no shield)
rPois  .         Spirit   .     b - +0 hat
rElec  .         Dismiss  .     (no cloak)
rCorr  .         Reflect  .     (no gloves)
SustAt .         Harm     .     (no boots)
MR     .....                    s - amulet of inaccuracy (curse)
Stlth  ++........               y - ring of positive energy
                                n - ring of wizardry

@: very slightly contaminated, not resistant to hostile enchantments, unstealthy
A: no striking features
a: no special abilities


You were on level 2 of the Dungeon.
You were not hungry.

You visited 1 branch of the dungeon, and saw 2 of its levels.

You collected 40 gold pieces.

Inventory:

Hand Weapons
 h - a +0 club
 l - a +0 spear
 o - a +2 dagger of electrocution
 r - a +0 hunting sling
 u - a +2 long sword of slicing (weapon)
 w - a +2 hand axe of holy wrath
Missiles
 v - 10 poisoned needles
Armour
 a - a +0 robe
 b - a +0 hat (worn)
Jewellery
 n - a ring of wizardry (left hand)
 s - a cursed amulet of inaccuracy (around neck)
 y - a ring of positive energy (right hand)
Scrolls
 f - a scroll of magic mapping
 j - 2 scrolls of identify
 m - a scroll of random uselessness
 p - a scroll of noise
 t - a scroll of enchant weapon {unknown}
Potions
 e - a potion of magic {unknown}
 i - a potion of resistance {unknown}
 x - 3 potions of flight {unknown}
Books
 c - a book of Minor Magic

   Spells                             Type                      Level
   a - Magic Dart                     Conjuration                  1
   b - Blink                          Translocation                2
   c - Call Imp                       Summoning                    2
   d - Repel Missiles                 Charms/Air                   2
   e - Slow                           Hexes                        2
   f - Conjure Flame                  Conjuration/Fire             3
   g - Mephitic Cloud                 Conjuration/Poison/Air       3
Comestibles
 d - a bread ration
 g - 2 meat rations
 k - 3 fruits
 q - a beef jerky


   Skills:
 + Level 2.2 Dodging
 + Level 2.4 Stealth
 + Level 3.6 Spellcasting
 + Level 1.4 Conjurations
 + Level 1.3 Summonings
 + Level 1.0 Translocations
 + Level 0.2 Air Magic


You had 2 spell levels left.
You knew the following spells:

 Your Spells              Type           Power        Failure   Level  Hunger
a - Magic Dart            Conj           #...         4%          1    None
b - Call Imp              Summ           #.......     6%          2    ##.....
c - Blink                 Tloc           N/A          7%          2    ##.....
d - Repel Missiles        Chrm/Air       #.....       9%          2    ##.....


Dungeon Overview and Level Annotations

Branches:
Dungeon (2/15)

Altars:
The Shining One

Annotations:
D:2 Robin


Message History

Robin is almost dead.
The hobgoblin hits your crimson imp. Robin closely misses you.
Your crimson imp closely misses the hobgoblin.
The hobgoblin barely misses your crimson imp.
You hit Robin but do no damage.
Robin is almost dead.
Your crimson imp barely misses the hobgoblin.
Robin hits you with a falchion!
* * * LOW HITPOINT WARNING * * *
The hobgoblin hits your crimson imp but does no damage.
Your crimson imp hits the hobgoblin.
Robin hits you with a falchion.
* * * LOW HITPOINT WARNING * * *
The hobgoblin no longer looks unusually strong.
The hobgoblin closely misses something.
Your crimson imp blinks!
Casting: Call Imp
Confirm with . or Enter, or press ? or * to list all spells.
A metallic apparition takes form in the air.
Robin hits you with a falchion.
You die...

#.####.######.#
#.............#
#........)....#
#.............#
#.###########.####
#.# #....# #.#
####.# ..# #5# ##
#@# #g######
#...##.# ###5##.#
#....# ####g# #.#
#g# #.#


You could see Robin, a friendly iron imp and a friendly crimson imp.

Vanquished Creatures
  A worm (D:2)
  A dart slug (D:1)
  A giant gecko (D:1)
  2 giant cockroaches
  6 goblins
  4 hobgoblins
  9 kobolds
  3 bats
  4 giant newts
  2 rats
33 creatures vanquished.

Vanquished Creatures (collateral kills)
  A giant gecko (D:1)
  A goblin (D:2)
  A hobgoblin (D:1)
  A giant newt (D:2)
4 creatures vanquished.

Grand Total: 37 creatures vanquished

Notes
Turn   | Place    | Note
--------------------------------------------------------------
     0 | D:1      | Mefis the Human Wizard began the quest for the Orb.
     0 | D:1      | Reached XP level 1. HP: 13/13 MP: 4/4
    18 | D:1      | Found a glowing golden altar of the Shining One.
   231 | D:1      | Reached XP level 2. HP: 13/19 MP: 0/6
   235 | D:1      | Learned a level 2 spell: Call Imp
   238 | D:1      | Learned a level 2 spell: Blink
   241 | D:1      | Learned a level 2 spell: Repel Missiles
   661 | D:1      | Reached XP level 3. HP: 15/24 MP: 7/7
  1408 | D:2      | Noticed Robin
  1426 | D:2      | HP: 1/24 [Robin/falchion (5)]
  1429 | D:2      | Slain by Robin

Vault maps used:
D:1:      sevenhm_arrival_forest_fort_small_4, tso_metal_star
D:2:      serial_curves, eino_curves_04, eino_curves_03, uniq_robin

Action                   || total
-------------------------++-------
Melee: Club              ||    12
       Spear             ||    16
       Long sword        ||    30
       Dagger            ||     1
 Cast: Magic Dart        ||    42
       Call Imp          ||    12
       Repel Missiles    ||     1
       Blink             ||     1
  Use: Scroll            ||     5
 Stab: Sleeping          ||     6
  Eat: Chunk             ||     2
Armor: Robe              ||     4
Dodge: Dodged            ||    52
       Deflected         ||     2
